 Dungeon Crawl Stone Soup version 0.20-a0-1018-ge435b50 (webtiles) character file.

60 Duffy the Firebug (level 3, 0/19 HPs)
             Began as a Deep Elf Fire Elementalist on Apr 18, 2017.
             Succumbed to a kobold's poison
             ... on level 2 of the Dungeon.
             The game lasted 00:02:54 (2918 turns).

Duffy the Firebug (Deep Elf Fire Elementalist)      Turns: 2918, Time: 00:02:54

Health: 0/19       AC:  2    Str:  3 (5)  XL:     3   Next: 82%
Magic:  9/9        EV: 12    Int: 17 (20) God:
Gold:   180        SH:  5    Dex: 15 (18) Spells: 4/8 levels left

rFire    + . .     SeeInvis .   h - +4 dagger (protect)
rCold    + . .     Gourm    .   o - +2 buckler
rNeg     . . .     Faith    .   a - +0 robe
rPois    +         Spirit   .   (no helmet)
rElec    +         Reflect  .   (no cloak)
rCorr    +         Harm     .   (no gloves)
MR       .....                  (no boots)
Stlth    ++........             (no amulet)
Regen    0.1/turn               j - +6 ring of dexterity
MPRegen  0.2/turn               m - -3 ring of dexterity (curse)

@: lethally poisoned (0 -> -2), resistant, very slightly contaminated, starving
A: no striking features
a: no special abilities


You were on level 2 of the Dungeon.
You were starving.

You visited 1 branch of the dungeon, and saw 3 of its levels.

You collected 180 gold pieces.

Inventory:

Hand Weapons
 h - a +4 dagger of protection (weapon)
Missiles
 p - a throwing net (quivered)
Armour
 a - a +0 robe (worn)
 o - a +2 buckler (worn)
Jewellery
 j - a +6 ring of dexterity (left hand)
 m - a cursed -3 ring of dexterity (right hand)
Scrolls
 d - a scroll of fear {unknown}
 f - 2 scrolls of teleportation {unknown}
 k - 3 scrolls of identify {unknown}
 l - 2 scrolls of amnesia {unknown}
 n - a scroll of enchant armour {unknown}
 r - 2 scrolls of blinking {unknown}
 s - a scroll of remove curse {unknown}
 t - a scroll of magic mapping {unknown}
Potions
 e - a potion of degeneration
 g - 2 potions of magic
Books
 b - a book of Flames

   Spells                             Type                      Level
   a - Flame Tongue                   Conjuration/Fire             1
   b - Throw Flame                    Conjuration/Fire             2
   c - Conjure Flame                  Conjuration/Fire             3
   d - Inner Flame                    Hexes/Fire                   3
   e - Sticky Flame                   Conjuration/Fire             4
   f - Fireball                       Conjuration/Fire             5
Comestibles
 c - a bread ration
 i - 5 fruits


   Skills:
 - Level 2.4 Dodging
 - Level 2.4 Stealth
 + Level 0.2 Shields
 - Level 3.2 Spellcasting
 * Level 2.8 Conjurations
 * Level 4.2 Fire Magic


You had 4 spell levels left.
You knew the following spells:

 Your Spells              Type           Power        Failure   Level  Hunger
h - Flame Tongue          Conj/Fire      ##...        10%         1    None
l - Conjure Flame         Conj/Fire      ##......     21%         3    ###....


Dungeon Overview and Level Annotations

Branches:
Dungeon (3/15)

Altars:
Makhleb
Trog
The Shining One

Annotations:
D:3 Galewind's ghost, weakling DECj


Message History

Aim: a kobold, wielding a blowgun (severely wounded)
The flame tongue hits the kobold.
You kill the kobold!
There is a lethal amount of poison in your body!
It was a potion of degeneration.
There was something very wrong with that liquid.
You feel weakened.
You feel dopey.
You feel clumsy.
You feel sick.
It was a potion of magic.
Magic courses through your body.
It was a potion of resistance.
You feel protected.
There is a lethal amount of poison in your body!
You feel sick.
You see here a poisoned needle.
Items here: % ( )) a blowgun; an uncursed dagger of venom; 6 poisoned needles; a kobold corpse You feel sick.
You are starving!
You feel sick.
You die...

....................# #..# #.
..)...........#.#######%.# #.
..............#.#.....#..# #.
..............#.#.###.#..#######.
..#.###.......#.#.#..........)...
#.#.#####'#####....(#.###########
.....................>#..........
#+#+#####.#####....##.#.#########
......# #.#.....@..)(.#.# ......#
#.'.........#(#.#
......#####.........#.#.#
......+.............#...#
......##....#######.#...#
#...........+...........#
########....#######.#.[.#########
.................)..............#
###...#############.##..######.##


There were no monsters in sight!

Vanquished Creatures
  An adder (D:2)
  An ooze (D:1)
  6 giant cockroaches
  6 goblins
  4 hobgoblins
  9 kobolds
  A ball python (D:1)
  7 bats
  2 frilled lizards
  8 rats
45 creatures vanquished.

Notes
Turn   | Place    | Note
-------+----------+-------------------------------------------
     0 | D:1      | Duffy the Deep Elf Fire Elementalist began the quest for the Orb.
     0 | D:1      | Reached XP level 1. HP: 10/10 MP: 6/6
   415 | D:1      | Found a glowing golden altar of the Shining One.
   562 | D:1      | Reached XP level 2. HP: 15/15 MP: 6/8
  1303 | D:1      | Reached XP level 3. HP: 19/19 MP: 9/9
  1521 | D:2      | Reached skill level 4 in Fire Magic
  1558 | D:2      | Found a bloodstained altar of Trog.
  1731 | D:2      | Learned a level 3 spell: Conjure Flame
  1980 | D:2      | Found a faded altar of an unknown god.
  2389 | D:3      | Found a burning altar of Makhleb.
  2504 | D:3      | Noticed Galewind's ghost (weakling DECj)
  2918 | D:2      | Succumbed to a kobold's poison

Vault maps used:
D:1:      scummos_arrival_simple_crosswalls, tso_altar
D:2:      cheibrodos_old_hovel, bloody_trog,
          chequers_ecumenical_altar_simple_redux, bh_chokoban
D:3:      nicolae_overflow_crystal_walls, first_bread, minmay_misc_feat_encased,
          bloody_makhleb

Skill      XL: |  1  2  3 |
---------------+----------+-----
Conjurations   | 2 |  2.8
Fire Magic     | 4 |  4.2
Dodging        | |  2.4
Stealth        | |  2.4
Shields        | |  0.2
Spellcasting   | |  3.2

Action                   || total
-------------------------++-------
Melee: Dagger            ||    32
 Cast: Flame Tongue      ||    54
       Conjure Flame     ||     1
  Use: Potion            ||     3
 Stab: Sleeping          ||     4
  Eat: Chunk             ||     4
Armor: Robe              ||    13
Dodge: Dodged            ||    39
